 Dungeon Crawl Stone Soup version 0.19-a0-1626-g5215c36 (webtiles) character file.

17386 4thArraOfDagon the Carver (level 12, -5/94 HPs)
             Began as a Vampire Gladiator on Sept 18, 2016.
             Was a High Priest of Okawaru.
             Slain by a four-headed hydra (9 damage)
             ... on level 12 of the Dungeon.
             The game lasted 00:31:00 (5409 turns).

4thArraOfDagon the Carver (Vampire Gladiator)       Turns: 5409, Time: 00:31:01

Health: -5/94      AC:  9    Str: 14    XL:     12   Next: 18%
Magic:  12/17      EV: 24    Int: 12    God:    Okawaru [*****.]
Gold:   611        SH:  0    Dex: 18    Spells: 3 memorised, 1 level left

rFire  . . .     SeeInvis +     K - +2 great sword (curse)
rCold  . . .     Gourm    .     P - +0 troll leather armour
rNeg   . . .     Faith    .     (shield currently unavailable)
rPois  .         Spirit   .     c - +1 helmet
rElec  .         Dismiss  .     I - +0 cloak
rCorr  .         Reflect  .     (no gloves)
MR     +....     Harm     +     p - +0 pair of boots
Stlth  +++.......               C - amulet of harm
                                (no ring)
                                (no ring)

@: heroism, finesse, regenerating quickly
A: fangs 3, see invisible, unbreathing
a: Heroism, Finesse, Renounce Religion


You were on level 12 of the Dungeon.
You worshipped Okawaru.
Okawaru was extremely pleased with you.
You were almost alive.

You visited 2 branches of the dungeon, and saw 13 of its levels.
You also visited: Labyrinth and Ossuary.

You collected 611 gold pieces.

Inventory:

Hand Weapons
 a - a +0 long sword
 z - a +0 great sword
 F - a +0 falchion of holy wrath
 K - a cursed +2 great sword (weapon)
 S - a +1 falchion of slicing
 U - a +2 scimitar of flaming
Missiles
 f - 6 curare-tipped needles
 t - 7 exploding tomahawks (quivered)
Armour
 c - a +1 helmet (worn)
 l - a +0 ring mail
 p - a +0 pair of boots (worn)
 I - a +0 cloak (worn)
 L - the +0 ring mail of Truth {Int+4}
   (You found it in a labyrinth)

   It affects your intelligence (+4).
 P - a +0 troll leather armour (worn)
 T - the +13 plate armour of the Bouncing Suns {MR+, unknown}
   (Okawaru gifted it to you on level 12 of the Dungeon)

   It affects your resistance to hostile enchantments.
Magical Staves
 Q - an uncursed staff of conjuration {unknown}
Jewellery
 C - an amulet of harm (around neck)
 R - a +4 amulet of reflection {unknown}
Wands
 k - a wand of iceblast (1/15)
 m - a wand of iceblast (1/15)
 n - a wand of random effects (12/48)
 D - a wand of flame (18/48)
 H - a wand of lightning (4/15)
 J - a wand of digging (4/24)
Scrolls
 b - a scroll of random uselessness
 d - 2 scrolls of blinking
 j - 3 scrolls of teleportation
 r - a scroll of acquirement {unknown}
 s - a scroll of enchant weapon {unknown}
 v - a scroll of remove curse
 x - 3 scrolls of recharging
 y - 2 scrolls of amnesia
 B - 2 scrolls of silence {unknown}
 E - a scroll of enchant armour
 G - a scroll of fear
 M - a scroll of torment {unknown}
 N - 2 scrolls of noise
Potions
 e - 3 potions of heal wounds
 g - 28 potions of blood
 h - 6 potions of flight
 o - a potion of cancellation
 q - a potion of cure mutation
 u - 2 potions of lignification
 A - 3 potions of brilliance
Books
 i - a Young Poisoner's Handbook

   Spells                             Type                      Level
   a - Sting                          Conjuration/Poison           1
   b - Mephitic Cloud                 Conjuration/Poison/Air       3
   c - Olgreb's Toxic Radiance        Poison                       4
   d - Alistair's Intoxication        Transmutation/Poison         5
   e - Venom Bolt                     Conjuration/Poison           5
 O - a book of Transfigurations

   Spells                             Type                      Level
   a - Irradiate                      Conjuration/Transmutation    5
   b - Statue Form                    Transmutation/Earth          6
   c - Hydra Form                     Transmutation                6
   d - Dragon Form                    Transmutation                7
Miscellaneous
 w - a sack of spiders


   Skills:
 + Level 8.5(13.5) Fighting
 * Level 12.8(17.8) Long Blades
 - Level 1.5(6.5) Throwing
 + Level 10.2(15.2) Dodging
 + Level 2.9 Spellcasting
 * Level 2.0 Transmutations
 * Level 2.0 Earth Magic
 + Level 7.1 Invocations


You had one spell level left.
You knew the following spells:

 Your Spells              Type           Power        Failure   Level  Hunger
a - Controlled Blink      Tloc           N/A          100%        8    #######
b - Apportation           Tloc           #.........   34%         1    #......
c - Statue Form           Tmut/Erth      #........    100%        6    #######


Dungeon Overview and Level Annotations

Branches:
Dungeon (12/15)            Temple (1/1) D:6
   Lair: D:8-11         Orc: D:9-12

Altars:
Ashenzari
Cheibriados
Dithmenos
Elyvilon
Fedhas
Gozag
Hepliaklqana
Kikubaaqudgha
Makhleb
Nemelex Xobeh
Okawaru
Qazlal
Ru
Sif Muna
Trog
Uskayaw
Xom
Yredelemnul
Zin

Shops:
D:7 [

Annotations:
D:3 Jessica
D:10 Bronet's ghost, journeyman MiAK


Innate Abilities, Weirdness & Mutations

Your natural rate of healing is unusually fast.
You have razor-sharp teeth.
You have supernaturally acute eyesight. (SInv)
You can survive without breathing.


Message History

Unknown command.
Unknown command.
You hit the deep troll earth mage.
You kill the deep troll earth mage!
Okawaru is honoured by your kill.
Your Transmutations skill increases to level 2!
Your Earth Magic skill increases to level 2!
The kobold misses you.
Unknown command.
Unknown command.
You slash the kobold!
You kill the kobold!
Unknown command.
Unknown command.
An ice beast comes into view.
The four-headed hydra closely misses you.
The four-headed hydra bites you!
* * * LOW HITPOINT WARNING * * *
The four-headed hydra bites you!
You die...

.#.#.##..#.......,,#..##.#.#..#
..#.#.##..#.....,,#.u##Y#.#...#
.).#.#.##..#....§#..##.#)#....#
....#.#.##..#..,#..##.#.#.....#
.#...#.#.##..#.#..##.#.#...#..#
.##...#.#.##..#†.##.#.#...##..#
.###...#.#.##.(.##.#.#...###..#
........#.#.#.†.#.#.#.........#
.#...#...#.#.#.#@#.#...#...#..#
.##..##...#.#..)#D#...##..##..#
.###.###..)#÷#(#.#...###.###..#
...%........#..)#.............#
.............#.#..............#
##############.################
###


You could see a four-headed hydra and an ice beast (wandering).

Vanquished Creatures
  A minotaur (Lab)
  A death knight (D:12)
  2 deep troll earth magi (D:12)
  3 hill giants
  A deep elf mage (D:12)
  2 manticores
  Maurice (D:10)
  A gargoyle (D:11)
  2 centaur skeletons
  A kobold demonologist (D:12)
  An efreet (D:12)
  3 trolls
  A two-headed ogre (D:10)
  A slime creature (D:12)
  4 hippogriffs
  2 shadows (D:12)
  16 yaks
  2 wraiths
  2 wyverns
  The ghost of wazuzu the Stinger, an amateur NaVM (Ossuary)
  4 basilisks
  A hungry ghost (D:11)
  An orc warrior (D:11)
  A wasp (D:12)
  2 ice beasts
  A sky beast (D:11)
  2 eyes of draining
  2 phantoms
  3 ogres
  4 centaurs
  An elf zombie (Ossuary)
  Blork the orc (D:5)
  6 bullfrogs
  2 big kobolds (D:12)
  2 gnoll sergeants
  6 scorpions
  3 killer bees (D:12)
  7 wights (D:11)
  2 howler monkeys (D:5)
  2 centaur zombies
  4 bullfrog zombies
  4 crimson imps
  A human zombie (Ossuary)
  A jelly (shapeshifter) (D:12)
  3 bullfrog skeletons
  A jelly (D:6)
  2 quasits
  2 orc priests
  5 hounds
  9 orc wizards
  Ijyb (D:2)
  Terence (D:2)
  8 worker ants
  Natasha (D:3)
  2 iguanas
  A big kobold zombie (Ossuary)
  2 hound zombies (Ossuary)
  A hound skeleton (D:4)
  3 mummies (Ossuary)
  2 worker ant zombies
  20 gnolls
  4 adders
  3 shadow imps
  3 adder zombies
  7 leopard geckos
  33 orcs
  A ball python (D:1)
  4 bats
  2 giant cockroaches
  6 goblins
  5 hobgoblins
  8 jackals (D:3)
  2 quokkas
  4 frilled lizards
  A giant cockroach zombie (D:6)
  A gnoll zombie (Ossuary)
  3 goblin zombies (Ossuary)
  9 kobolds
  A leopard gecko skeleton (D:3)
  An orc zombie (Ossuary)
  2 quokka skeletons
  A quokka zombie (D:5)
  4 rats
280 creatures vanquished.

Vanquished Creatures (others)
  A mummy (Ossuary)
  A goblin zombie (Ossuary)
  A kobold (D:12)
  A rat zombie (Ossuary)
4 creatures vanquished.

Grand Total: 284 creatures vanquished

Notes
Turn   | Place    | Note
-------+----------+-------------------------------------------
     0 | D:1      | 4thArraOfDagon the Vampire Gladiator began the quest for the Orb.
     0 | D:1      | Reached XP level 1. HP: 16/16 MP: 1/1
   283 | D:3      | Reached XP level 2. HP: 22/22 MP: 2/2
   307 | D:3      | Noticed Natasha
   308 | D:3      | Noticed a crimson imp
   320 | D:3      | Noticed a crimson imp
   329 | D:3      | Killed Natasha
   329 | D:3      | Reached XP level 3. HP: 4/27 MP: 3/3
   377 | D:3      | Found a bloodstained altar of Trog.
   397 | D:3      | Reached skill level 4 in Long Blades
   505 | D:4      | Noticed a scorpion
   518 | D:5      | Entered Level 5 of the Dungeon
   533 | D:5      | Reached XP level 4. HP: 28/34 MP: 4/4
   539 | D:5      | Reached XP level 5. HP: 16/40 MP: 5/5
   621 | D:5      | Noticed a hippogriff
   628 | D:5      | Killed a hippogriff
   628 | D:5      | Reached skill level 5 in Long Blades
   628 | D:5      | Reached XP level 6. HP: 16/47 MP: 6/6
   685 | D:5      | :S
   754 | D:7      | Reached skill level 5 in Dodging
   800 | D:6      | nice weapon
   800 | D:6      | RIP
   812 | D:6      | Reached skill level 6 in Long Blades
   812 | D:6      | Reached XP level 7. HP: 10/53 MP: 7/7
  1028 | D:3      | Found a bloodstained altar of Trog.
  1094 | D:3      | Found a snail-covered altar of Cheibriados.
  1094 | D:3      | Found a sparkling altar of Nemelex Xobeh.
  1094 | D:3      | Found a hide-covered altar of Uskayaw.
  1095 | D:3      | Noticed Jessica
  1106 | D:3      | Found a faded altar of an unknown god.
  1175 | D:2      | Noticed Ijyb
  1187 | D:2      | Killed Ijyb
  1336 | D:2      | Found a snail-covered altar of Cheibriados.
  1365 | D:2      | Noticed Terence
  1369 | D:2      | Killed Terence
  1577 | D:6      | Reached skill level 7 in Long Blades
  1589 | D:6      | Found a staircase to the Ecumenical Temple.
  1594 | D:6      | Noticed Blork the orc
  1600 | Temple   | Entered the Ecumenical Temple
  1612 | Temple   | Became a worshipper of Warmaster Okawaru
  1659 | D:6      | Reached XP level 8. HP: 20/61 MP: 8/8
  1858 | D:5      | Killed Blork the orc
  1858 | D:5      | Reached skill level 5 in Fighting
  1858 | D:5      | Reached skill level 1 in Invocations
  2032 | D:6      | Reached * piety under Okawaru
  2111 | D:6      | Reached skill level 8 in Long Blades
  2496 | D:8      | Reached XP level 9. HP: 68/68 MP: 7/10
  2583 | D:8      | Found a sand-covered staircase.
  2588 | Ossuary  | Entered an ossuary
  2588 | Ossuary  | Noticed wazuzu's ghost (amateur NaVM)
  2589 | Ossuary  | WO
  2651 | Ossuary  | Killed wazuzu's ghost
  2651 | Ossuary  | Reached skill level 9 in Long Blades
  2663 | Ossuary  | Reached ** piety under Okawaru
  2854 | D:7      | Found Arad's Armour Boutique.
  2859 | D:7      | :(
  2859 | D:7      | meh
  2900 | D:8      | Learned a level 8 spell: Controlled Blink
  3018 | D:9      | Noticed a troll
  3029 | D:9      | Killed a troll
  3117 | D:9      | 4thArraOfDagon: keep logged in pls
  3143 | D:9      | Found a glowing silver altar of Zin.
  3226 | D:9      | Reached skill level 10 in Long Blades
  3314 | D:9      | Found a hazy altar of Hepliaklqana.
  3405 | D:10     | Entered Level 10 of the Dungeon
  3417 | D:10     | Reached *** piety under Okawaru
  3444 | D:10     | Noticed Maurice
  3450 | D:10     | Killed Maurice
  3450 | D:10     | Reached XP level 10. HP: 35/77 MP: 10/13
  3452 | D:10     | Noticed Bronet's ghost (journeyman MiAK)
  3685 | D:11     | Noticed a manticore
  3687 | D:11     | Noticed a gargoyle
  3716 | D:11     | Killed a manticore
  3740 | D:11     | Killed a gargoyle
  3761 | D:11     | Received a gift from Okawaru
  3763 | D:11     | ty
  3763 | D:11     | !!111!11!!
  3907 | D:11     | Reached skill level 5 in Invocations
  3978 | D:11     | Reached skill level 11 in Long Blades
  4007 | D:11     | Reached **** piety under Okawaru
  4086 | D:11     | Received a gift from Okawaru
  4093 | D:11     | TYTYYTYTYTYTYT
  4146 | D:12     | 4thArraOfDagon: oka seems wise in gifts
  4163 | D:12     | Found a labyrinth entrance.
  4173 | D:12     | ReniFell: what he gave?
  4175 | Lab      | Entered a labyrinth
  4189 | Lab      | jacquesderrida: Henireni
  4189 | Lab      | 4thArraOfDagon: needles of frenzy x2
  4205 | Lab      | ReniFell: huh
  4310 | Lab      | Noticed a minotaur
  4318 | Lab      | Killed a minotaur
  4318 | Lab      | Reached ***** piety under Okawaru
  4318 | Lab      | Reached XP level 11. HP: 57/84 MP: 12/15
  4319 | Lab      | jacquesderrida: Menotayre awaits
  4326 | Lab      | Got a faintly glowing ring mail
  4327 | Lab      | jacquesderrida: waw psycheeeeee
  4337 | Lab      | Identified the +0 ring mail of Truth {Int+4} (You found it in a labyrinth)
  4337 | Lab      | 4thArraOfDagon: OP ITEMS INCOMING
  4339 | Lab      | Learned a level 1 spell: Apportation
  4340 | Lab      | ReniFell: huh
  4340 | Lab      | jacquesderrida: Need itans
  4403 | D:12     | jacquesderrida: First gift soon
  4413 | D:12     | jacquesderrida: gon b gud
  4453 | D:12     | jacquesderrida: Plutoner
  4556 | D:12     | jacquesderrida: Sekrit with itans
  4689 | D:11     | Noticed a hill giant
  4695 | D:11     | Killed a hill giant
  4709 | D:11     | Reached skill level 12 in Long Blades
  4845 | D:12     | Noticed a four-headed hydra
  4887 | D:12     | Noticed a hill giant
  4904 | D:12     | Reached skill level 1 in Spellcasting
  4909 | D:12     | Killed a hill giant
  4909 | D:12     | Received a gift from Okawaru
  5001 | D:12     | Noticed a deep elf mage
  5018 | D:12     | Killed a deep elf mage
  5023 | D:12     | Noticed a deep troll earth mage
  5033 | D:12     | Killed a deep troll earth mage
  5033 | D:12     | Received a gift from Okawaru
  5033 | D:12     | Reached skill level 10 in Dodging
  5053 | D:12     | Noticed a death knight
  5084 | D:12     | Noticed a hill giant
  5109 | D:12     | Learned a level 6 spell: Statue Form
  5115 | D:12     | Killed a hill giant
  5232 | D:12     | Reached skill level 1 in Earth Magic
  5232 | D:12     | Reached XP level 12. HP: 52/94 MP: 17/17
  5307 | D:12     | Killed a death knight
  5307 | D:12     | Reached skill level 1 in Transmutations
  5389 | D:12     | Received a gift from Okawaru
  5394 | D:12     | Got a spiked plate armour {god gift}
  5395 | D:12     | Noticed a deep troll earth mage
  5406 | D:12     | Killed a deep troll earth mage
  5409 | D:12     | HP: 4/94 [four-headed hydra (18)]
  5409 | D:12     | Slain by a four-headed hydra

Vault maps used:
D:1:      lightli_arrival_statuegarden, moated_statue
D:2:      cheibriados_altar_1, uniq_iyjb, uniq_terence
D:3:      gammafunk_temple_overflow_forgotten, old_standard_altar,
          ecumenical_altar_2, bloody_trog, uniq_jessica, uniq_natasha
D:4:      first_bread
D:5:      kennysheep_boxes
D:6:      serial_undead, serial_undead_d, serial_undead_e, serial_undead_f,
          serial_undead_d, uniq_blork_the_orc
D:7:      serial_shops, shop
D:8:      lemuel_coloured_pillars_altar, lair_0_dummy, enter_ossuary_2,
          serial_glass, glass_columns_b, glass_columns_a,
          hangedman_little_slice_of_home
D:9:      kennysheep_little_box, kennysheep_mini_moat, small_statue_intersection
D:10:     orc_0_dummy, st_stairs_11, uniq_joseph, uniq_maurice
D:11:     mrwooster_statue_mirror
D:12:     evilmike_diamond_2, lab_entry_generic, minmay_rotating_lava
Temple:   eino_temple_lava
Lab:      labyrinth_mini_lab, nicolae_lab_lava, nicolae_lab_very_dead_end,
          labyrinth_lava_lair, lab_hedge
Ossuary:  ossuary_minmay_tomb_2a

Skill      XL: |  1  2  3  4  5  6  7  8  9 10 11 12 |
---------------+-------------------------------------+-----
Fighting       | 2 3 4 5 6 7 8 |  8.5
Long Blades    | 4 5 6 7 8 10 11 12 | 12.8
Dodging        | 4 5 6 8 9 10 | 10.2
Invocations    | 2 4 5 6 7 |  7.1
Spellcasting   | 2 |  2.9
Earth Magic    | 1 2 |  2.0
Transmutations | 2 |  2.0
Throwing       | |  1.5

Action                   |  1- 3 |  4- 6 |  7- 9 | 10-12 || total
-------------------------+-------+-------+-------+-------++-------
Melee: Long sword        |    79 |    47 |   542 |   190 ||   858
       Bite              |     7 |    13 |    95 |    66 ||   181
       Falchion          |       |    54 |   128 |       ||   182
       Punch             |       |       |     6 |     4 ||    10
       Great sword       |       |       |       |   361 ||   361
Throw: Throwing net      |     1 |     3 |     2 |       ||     6
Invok: Heroism           |       |       |    12 |    22 ||    34
       Finesse           |       |       |       |     4 ||     4
Evoke: Wand              |       |       |    10 |     3 ||    13
       Sack of spiders   |       |       |     1 |       ||     1
  Use: Potion            |     3 |     4 |     6 |    11 ||    24
       Scroll            |       |     6 |    13 |     7 ||    26
 Stab: Held in net/web   |       |       |     1 |       ||     1
       Sleeping          |       |       |     1 |       ||     1
  Eat: Corpse            |     7 |     1 |    12 |     3 ||    23
Armor: Leather armour    |     8 |     3 |       |       ||    11
       Ring mail         |       |    22 |   120 |    48 ||   190
       Skin              |       |       |       |    28 ||    28
       Troll leather arm |       |       |       |    21 ||    21
Dodge: Dodged            |    45 |    51 |   353 |   256 ||   705
